[Event "*** Titled Tuesday Blitz"]
[Site "Chess.com"]
[Date "2018.12.04"]
[Round "1"]
[White "ChainsOfFantasia"]
[Black "gmjlh"]
[Result "0-1"]
[WhiteElo "2355"]
[BlackElo "2676"]
[TimeControl "180+2"]
[EndTime "13:10:22 PST"]
[Termination "gmjlh won by resignation"]

1. d4 d5 2. Nf3 Nf6 3. c4 e6 4.
Nc3 c5 5. cxd5 Nxd5 6. e4 Nxc3 7. bxc3 cxd4 8. cxd4 Bb4+ 9. Bd2 Bxd2+ 10. Qxd2 O-O 11. Bb5 a6 12. Be2 b5 13. O-O Bb7 14. Qe3 Nd7 15. Rfb1 Nf6 16. Bd3 Qe7 17. h3 Rfc8 18. Rb3 Bc6 19.
Ne5 Be8 20. Re1 Rc7 21. Qg3 Rac8 22. Re3 Qd6 23. Nf3 Qxg3 24. fxg3 Rc1+ 25. Kf2 Ra1 26. Ra3 Rc6 27. Re1 Rxe1 28. Kxe1 Rb6 29. Kd2 Bc6 30. Ke3 Bb7 31. Rc3 Rc6 32. Rc5 Nd7 33. Rxc6 Bxc6 34. Kd2 Kf8 35. Kc3 a5 36. a3 h6 37. Nd2 Nf6 38. g4 Ke7 39. g3 Kd8 40. Bc2 Kc7 41. Kd3 Kb6 42. Bd1 Bb7 43. Bb3 Ba6 44. Kc3 Bb7 45.
Kd3 Bc6 46. Bc2 g5 47. Bb3 h5 48.
gxh5 Nxh5 49. Nf1 a4 50. Bc2 b4 51. axb4 Bb5+ 52. Kc3 Bxf1 53. h4 Nxg3 54. hxg5 Ne2+ 55. Kc4 a3 56. Bb3 Nc1+ 57. Kc3 Ne2+ 58. Kc4 a2 59. Bxa2 Nc1+ 60. Kc3 Nxa2+ 61. Kd2 Nxb4 62. Ke3 Kc6 63.
Kf4 Kd6 64. Kg4 Bd3 65. Kf4 Nc6 66. d5 exd5 67. e5+ 0-1

[Event "*** Titled Tuesday Blitz"]
[Site "Chess.com"]
[Date "2018.12.04"]
[Round "1"]
[White "hypert"]
[Black "anesar92"]
[Result "1-0"]
[WhiteElo "2383"]
[BlackElo "2674"]
[TimeControl "180+2"]
[EndTime "13:10:26 PST"]
[Termination "hypert won by resignation"]

1. e4 e6 2. d4 d5 3. Nc3 Bb4 4. e5 Ne7 5. a3 Bxc3+ 6. bxc3 b6 7. a4 Ba6 8. Bb5+ c6 9. Bxa6 Nxa6 10. Qg4 Nf5 11. Ne2 c5 12. Ng3 Qh4 13. Qe2 Nc7 14.
Nxf5 exf5 15. O-O O-O 16. Be3 Ne6 17. dxc5 bxc5 18. Qf3 Qe4 19. Qxe4 fxe4 20. Rfd1 Rfd8 21. Rab1 Rab8 22. Kf1 Rxb1 23. Rxb1 g5 24. Rb7 d4 25.
Bd2 dxc3 26. Bxc3 Nf4 27. g3 Rd1+ 28. Be1 Nd3 29. cxd3 exd3 30. Rb2 c4 31. Rd2 Ra1 32.
f4 c3 33. Rxd3 c2 34. Rc3 c1=Q 35. Rxc1 Rxc1 36. fxg5 Kg7 37. a5 Kg6 38. Ke2 Rc5 39. Bd2 Rxe5+ 40. Kf3 Rd5 41. Be1 Rb5 42. h4 f5 43.
gxf6 Kxf6 44. g4 h6 45. Bc3+ Kf7 46. Bd2 Kg6 47. h5+ Kh7 48. Ke4 a6 49. Kf4 Kg7 50. Bc3+ Kf7 51. Bd2 Rb2 52. Bc3 Rc2 53. Bd4 Rc4 54. Ke5 Ra4 55. Bb6 Rxg4 56. Kd6 Rc4 57. Kd5 Rc2 58. Kd6 Kf6 59. Be3 Kg7 60. Bd4+ Kh7 61.
Ke6 Rh2 62. Bb6 Rxh5 63. Kd6 Rf5 64. Kc6 h5 65. Kb7 h4 66. Kxa6 h3 67. Bc7 Rf7 68. Bh2 Rf2 69. Bg3 Rg2 70. Bc7 Rc2 71. Bg3 Rb2 72.
Ka7 Kg6 73. a6 Kf7 74. Ka8 Ke6 75. a7 Kd7 76. Be5 Kc6 77. Bxb2 Kc7 78. Be5+ Kc8 79. Bh2 1-0

[Event "*** Titled Tuesday Blitz"]
[Site "Chess.com"]
[Date "2018.12.04"]
[Round "1"]
[White "WinnerOleg"]
[Black "1stSecond"]
[Result "1-0"]
[WhiteElo "2323"]
[BlackElo "2625"]
[TimeControl "180+2"]
[EndTime "13:10:28 PST"]
[Termination "WinnerOleg won by resignation"]

1. d4 Nf6 2. c4 e6 3. Nc3 Bb4 4.
a3 Bxc3+ 5. bxc3 c5 6. f3 Nc6 7. e4 e5 8. d5 Na5 9. Be3 b6 10. Bd3 Ba6 11. Qe2 O-O 12. Nh3 Ne8 13. O-O Nd6 14. f4 f6 15. fxe5 fxe5 16. Qh5 Rxf1+ 17. Rxf1 Qe8 18. Qh4 Bxc4 19. Bxc4 Naxc4 20. Bc1 b5 21. Ng5 Qg6 22. Re1 Rf8 23. Qh3 Nb6 24. Nf3 Ndc4 25.
Nh4 Qf6 26. Nf5 Nd6 27. Rf1 Nxf5 28. Rxf5 Qe7 29. Bg5 Qe8 30. d6 Rxf5 31. exf5 Qf7 32. Qf3 Qd5 33. Qh5 Qf7 34. Qf3 h6 35. Be7 Qd5 36. Qh5 Qf7 37. Qf3 Kh7 38. f6 g6 39.
Qb7 h5 40. Qxa7 Nd5 41. Qxd7 Nxf6 42. Qxb5 Ne4 43. Qe2 Qd5 44. h3 Nxd6 45. Qf2 Nf5 46.
Qxc5 Qd1+ 47. Kh2 e4 48. Bg5 Qd7 49. Qf2 Qc7+ 50. Qf4 Qxc3 51. h4 e3 52. Qe4 Qc7+ 53.
Kg1 Qa7 54. Kf1 Qa6+ 55. Kg1 Qxa3 56. Qb7+ Kg8 57. Qd5+ Kg7 58. Qe5+ Kh7 59. Qc7+ Kg8 60. Qc4+ Kf8 61. Qc8+ Kf7 62. Qd7+ Kg8 63. Qe8+ Kh7 64. Qf7+ Ng7 65. Bf6 Qc1+ 66. Kh2 Qc7+ 67. Qxc7 1-0

[Event "*** Titled Tuesday Blitz"]
[Site "Chess.com"]
[Date "2018.12.04"]
[Round "1"]
[White "sergeikim"]
[Black "VerdeNotte"]
[Result "0-1"]
[WhiteElo "2435"]
[BlackElo "2836"]
[TimeControl "180+2"]
[EndTime "13:10:50 PST"]
[Termination "VerdeNotte won by resignation"]

1. d4 Nf6 2. c4 e6 3. Nc3 Bb4 4.
Qc2 O-O 5. a3 Bxc3+ 6. Qxc3 b5 7. cxb5 c6 8. e3 cxb5 9. Bxb5 Bb7 10. Nf3 Ne4 11. Qb4 a5 12. Qa4 Nd6 13. Be2 Bc6 14. Qd1 a4 15. O-O Bd5 16. Ne5 Nc6 17. Bd2 Nxe5 18. dxe5 Nf5 19. Bb4 Re8 20. Rc1 Qb8 21. Bc3 Qb7 22. Bf3 Bxf3 23. Qxf3 Qxf3 24. gxf3 Nh4 25.
f4 Reb8 26. Rfd1 Rb7 27. Rd6 Kf8 28. Rcd1 Ke8 29. Kf1 Nf5 30. R6d3 Rc8 31. Ke2 Rc4 32. Kf3 h6 33. e4 Nh4+ 34. Kg3 g5 35. f3 Ng6 36.
fxg5 hxg5 37. Kg4 Rc5 38. Kxg5 Nxe5 39. Bxe5 Rxe5+ 40. Kf6 Rh5 41. R1d2 Rh6+ 42. Ke5 Ke7 43. Kf4 d6 44. Ke3 e5 45. Rc3 Rh8 46. Rdc2 Ke6 47. Rc4 Rb3+ 48. R4c3 Rb7 49. Rc4 Rb3+ 50. R4c3 Rxc3+ 51. Rxc3 Rxh2 52. b3 axb3 53. Rxb3 f5 54. exf5+ Kxf5 55. Rb8 Ra2 56. Rf8+ Ke6 57. Ra8 Ra1 58. a4 Ra3+ 59. Ke2 Kd5 60. a5 Kd4 61. a6 Ra2+ 62.
Ke1 Ke3 63. Kd1 Kxf3 64. a7 Ke3 65. Rd8 Ra1+ 66. Kc2 Rxa7 67. Rxd6 e4 68. Rh6 Rd7 69. Rf6 Ke2 70. Re6 Rc7+ 71. Kb1 e3 72. Re8 Kd2 73. Rd8+ Ke1 74. Re8 e2 75. Kb2 Rc5 76. Kb1 Rf5 77. Kc2 Kf1 78. Kd2 Rd5+ 0-1

[Event "*** Titled Tuesday Blitz"]
[Site "Chess.com"]
[Date "2018.12.04"]
[Round "1"]
[White "akretchetov"]
[Black "Shahinyan_ChessMood"]
[Result "0-1"]
[WhiteElo "2353"]
[BlackElo "2668"]
[TimeControl "180+2"]
[EndTime "13:11:08 PST"]
[Termination "Shahinyan_ChessMood won by resignation"]

1. Nf3 e6 2. c4 f5 3. d3 Nf6 4. Nc3 d6 5. e4 fxe4 6. dxe4 e5 7. c5 Nc6 8. cxd6 Bxd6 9. Bc4 Qe7 10. Bg5 Be6 11.
Qb3 Bxc4 12. Qxc4 Qf7 13. Qb5 O-O 14. O-O Nd4 15. Qd3 Nxf3+ 16. Qxf3 Nd7 17. Qxf7+ Rxf7 18. Be3 a6 19. Rad1 h6 20. a3 b5 21. Nd5 Raf8 22.
f3 Nb8 23. Rc1 Rc8 24. Rfd1 Re8 25. Bc5 Rd8 26. Bxd6 Rxd6 27. Kf2 Rfd7 28. Ke2 c6 29. Ne7+ Kf7 30. Rxd6 Rxd6 31. Nf5 Rd7 32. Ne3 Ke6 33.
g3 Rc7 34. b4 Nd7 35. Nd5 Rc8 36. Ne3 c5 37. Nd5 c4 38. Ke3 Nf6 39. Nc3 Rd8 40.
Rd1 Rxd1 41. Nxd1 Nd7 42. Nc3 Nb8 43. f4 exf4+ 44. gxf4 Nc6 45. h3 g5 46. Nd5 gxf4+ 47. Nxf4+ Ke5 48. Ng6+ Kf6 49. Nf4 Ke5 50. Ng6+ Ke6 51.
Nf4+ Kf6 52. Nd5+ Ke5 53. Nc7 Nd4 54. Nxa6 Nc2+ 55. Kf3 Nxa3 56. Nc7 Kd4 57. Nd5 c3 58. Ke2 Nc4 59. Nf4 Kxe4 60. Nd3 Kd4 61. Nc1 c2 62.
Na2 h5 63. h4 Ke4 64. Nc1 Kd4 65. Na2 Ke4 66. Nc1 Kf4 67. Kd3 Na3 68. Kc3 Kg4 69.
Kb3 Nc4 70. Kxc2 Kxh4 71. Ne2 Kg4 72. Kd3 h4 73. Ng1 h3 74. Nxh3 Kxh3 75. Kd4 Kg4 76. Kc5 Na3 77. Kb6 Kf4 78. Kc5 Ke4 79. Kd6 Kd3 0-1

[Event "*** Titled Tuesday Blitz"]
[Site "Chess.com"]
[Date "2018.12.04"]
[Round "1"]
[White "LastGladiator1"]
[Black "goodnigth"]
[Result "1-0"]
[WhiteElo "2669"]
[BlackElo "2354"]
[TimeControl "180+2"]
[EndTime "13:11:32 PST"]
[Termination "LastGladiator1 won by checkmate"]

1. d4 Nf6 2. c4 e6 3. Nc3 Bb4 4.
Nf3 O-O 5. g3 b6 6. Bg2 Bb7 7. O-O Bxc3 8. bxc3 d6 9. Qc2 Be4 10.
Qa4 Nbd7 11. Ne1 Bxg2 12. Nxg2 c5 13. Ba3 Qc7 14. Rac1 a6 15. Ne3 b5 16. Qb3 bxc4 17. Nxc4 Rfb8 18. Qc2 d5 19. Nd2 Qa5 20. Bxc5 Nxc5 21.
dxc5 Qxc5 22. c4 Rc8 23. Qd1 Rab8 24. e3 Qa3 25. cxd5 Nxd5 26. Rxc8+ Rxc8 27. Qb3 Qxb3 28. axb3 Rc2 29. Ne4 h6 30. Ra1 Rb2 31. Nc5 Nb4 32. Ra4 Nc2 33. Rxa6 Ne1 34. h4 Rb1 35. Kh2 Nf3+ 36.
Kg2 Ne1+ 37. Kh3 h5 38. Rb6 Nf3 39. Ne4 Ne5 40. Ng5 g6 41. Rb8+ Kg7 42. Rb7 Rb2 43. Kg2 Kg8 44. Kf1 Rb1+ 45. Kg2 Rb2 46. b4 f6 47.
Rb8+ Kg7 48. Rb7+ Kg8 49. Nh3 Nd3 50. b5 Kf8 51. Kf1 Ke8 52. Rg7 Ne5 53. Nf4 Rxb5 54.
Nxg6 Rb1+ 55. Kg2 Ng4 56. Nf4 Rb2 57. Nh3 Nxe3+ 58. Kf3 Nf5 59. Rh7 Rb3+ 60. Kg2 Rb5 61. Nf4 e5 62. Nxh5 Rb6 63. Kh3 Nd4 64. Kg4 Kf8 65. Rd7 Ke8 66. Ra7 Kf8 67. Ra5 Kf7 68. Ra7+ Kf8 69. Ng7 Rb2 70. Kh5 Rxf2 71. Kg6 e4 72. Rf7+ Kg8 73. Re7 Rf5 74. Re8# 1-0

[Event "*** Titled Tuesday Blitz"]
[Site "Chess.com"]
[Date "2018.12.04"]
[Round "1"]
[White "Andrew-FB00"]
[Black "tango_argentino"]
[Result "0-1"]
[WhiteElo "1793"]
[BlackElo "2477"]
[TimeControl "180+2"]
[EndTime "13:11:37 PST"]
[Termination "tango_argentino won on time"]

1. e4 e6 2. d4 d5 3. exd5 exd5 4. Bd3 c5 5. dxc5 Bxc5 6. Nf3 Nf6 7. Bg5 h6 8. Bh4 O-O 9. O-O Bg4 10. Nbd2 Qb6 11.
Bxf6 Qxf6 12. c3 Nc6 13. Qb3 Bb6 14. Qxd5 Rad8 15. Qe4 Qg6 16. Qxg6 fxg6 17. Bxg6 Rd5 18. Be4 Rb5 19. Bxc6 bxc6 20. b3 Rd5 21. h3 Bh5 22. c4 Rd6 23. Rae1 Rg6 24. Kh1 Rf5 25. Nh4 Rxf2 26. Nxg6 Rxd2 27. Ne7+ Kh7 28. Nxc6 Rxa2 29. b4 Be2 30. Ra1 Bxf1 31. Rxa2 Bxc4 32. Ra3 a6 33. Nb8 Bd4 34. Nxa6 Bb2 35. Ra4 Bc3 36. Nc5 Bb5 37. Ra5 Be2 38. Ra7 Bxb4 39. Ne6 Bc3 40. Nf4 Bf1 41. Ra3 Be5 42. Rf3 Bc4 43. Kg1 Bd4+ 44. Kh2 Be5 45. g3 Ba6 46. Re3 Bd4 47. Re4 Bb2 48.
Re7 Bc4 49. Rc7 Ba6 50. Ra7 Bf1 51. Ra2 Bc3 52. Rc2 Be5 53. Rc1 Ba6 54. Re1 Bf6 55.
Re6 Bb7 56. Nh5 Ba1 57. Re7 Bf3 58. Nf4 Bf6 59. Re3 Bc6 60. Ne6 h5 61. Nf4 Kh6 62. h4 Bd7 63. Rd3 Bg4 64. Re3 Kh7 65. Rd3 Kg8 66. Rd6 Kf7 67. Rd5 Bf3 68. Rd3 Bg4 69. Rd5 g6 70. Rd6 Be5 0-1

[Event "*** Titled Tuesday Blitz"]
[Site "Chess.com"]
[Date "2018.12.04"]
[Round "1"]
[White "MikaelyanArman"]
[Black "MaestroASK"]
[Result "1/2-1/2"]
[WhiteElo "2783"]
[BlackElo "2439"]
[TimeControl "180+2"]
[EndTime "13:11:51 PST"]
[Termination "Game drawn - insufficient material"]

1. e4 d6 2. d4 g6 3. Nc3 c6 4. Be3 e5 5. dxe5 dxe5 6. Qxd8+ Kxd8 7. O-O-O+ Nd7 8. Bc4 f6 9. a4 a5 10. Nge2 Bh6 11.
Bxh6 Nxh6 12. Rd6 Ke7 13. Re6+ Kf8 14. Rd1 Nf7 15. Ba2 Nd8 16. Red6 Ke7 17. f4 exf4 18.
Nxf4 Nb6 19. h3 Nf7 20. Bxf7 Kxf7 21. b3 Ke7 22. R6d2 Bd7 23. Nd3 Rad8 24. e5 f5 25. Nc5 Bc8 26. Rd6 Rhe8 27. Ne2 Rxd6 28. exd6+ Kd8 29.
Nf4 Re5 30. Ncd3 Re4 31. g3 Nd7 32. Kd2 b6 33. Re1 Rxe1 34. Kxe1 Nf6 35. Ne5 Bd7 36.
Nc4 b5 37. axb5 cxb5 38. Nxa5 Ne4 39. c4 Nxd6 40. c5 Ne4 41. c6 Bc8 42. Nd5 Nxg3 43. b4 Ne4 44. Ke2 Ke8 45. Ke3 Be6 46. Nc7+ Ke7 47. Nb7 Nf6 48. Nxb5 Bd5 49. Na5 Be4 50.
c7 Kd7 51. Kd4 Nd5 52. c8=Q+ Kxc8 53. Nd6+ Kd7 54. Nxe4 Nxb4 55. Nf6+ Ke7 56. Nxh7 Nc2+ 57. Ke5 Ne1 58. Ng5 Nd3+ 59. Kd4 Nf4 60. h4 Ng2 61.
Nf3 Kf6 62. Nc4 Nxh4 63. Nxh4 g5 64. Ng2 f4 65. Ke4 Ke6 66. Nd2 Kf6 67. Nf1 Ke6 68. Nh2 f3 69. Kxf3 g4+ 70. Kg3 Kf5 71. Nf4 Ke4 72.
Nf1 Kf5 73. Ne3+ Ke4 74. Neg2 Kf5 75. Ne2 Ke4 76. Nh4 Ke3 77. Nf4 Ke4 78. Nfg2 Ke5 79. Ng6+ Ke4 80. N2h4 Kd4 81. Ne7 Ke4 82. Nhf5 Ke5 83.
Kf2 g3+ 84. Kg2 Ke6 85. Kxg3 Kf6 86. Kf4 Ke6 1/2-1/2

[Event "*** Titled Tuesday Blitz"]
[Site "Chess.com"]
[Date "2018.12.04"]
[Round "1"]
[White "Bryakin_Mikhail"]
[Black "martinique24"]
[Result "1-0"]
[WhiteElo "2738"]
[BlackElo "2388"]
[TimeControl "180+2"]
[EndTime "13:11:55 PST"]
[Termination "Bryakin_Mikhail won by resignation"]

1. d4 Nf6 2. c4 g6 3. Nc3 d5 4.
Bg5 Bg7 5. e3 c6 6. Nf3 O-O 7.
h3 Be6 8. c5 Bc8 9. Be2 Nfd7 10.
O-O Re8 11. Rc1 Qc7 12. b4 e5 13. dxe5 Nxe5 14. Bf4 Nbd7 15. Nd4 Nf8 16. Bh2 Bd7 17. a4 f5 18. Qb3 Ne6 19. Rfe1 Kh8 20. Bf1 a5 21. Rb1 axb4 22. Qxb4 Ra7 23. Rec1 Qd8 24. Qb6 Qxb6 25. cxb6 Raa8 26. Ra1 Nc4 27. Nxe6 Bxe6 28. Bxc4 dxc4 29. Bd6 Red8 30. Bb4 Rd3 31. Ra3 Kg8 32. a5 Ra6 33. Nb1 Bf8 34. Bxf8 Kxf8 35. Nc3 Ke7 36. Kf1 Rd2 37. Ke1 Rd8 38. Rd1 Rda8 39. Rda1 Bd5 40.
g3 Ke6 41. Kd2 h6 42. Ne2 g5 43. Kc3 Ke5 44. Nd4 f4 45. exf4+ gxf4 46. g4 f3 47. Re1+ Kf4 48. Rea1 Kg5 49. Kb4 Re8 50. Nxf3+ Bxf3 51. Rxf3 Re4 52. Rf5+ Kg6 53. Rc5 Re2 54. f4 Re3 55. h4 Re4 56. Rxc4 Re2 57. Kc5 Rg2 58. f5+ Kf6 59. Kd6 Re2 60. Rc5 Ra8 61. Rcc1 Re7 62.
Rd1 Rd8+ 63. Kc5 Re5+ 64. Kc4 Re4+ 65. Kc3 Re3+ 66. Kc2 Re2+ 67. Kc1 Ra8 68. Ra4 Re5 69. Rd6+ Ke7 70. Rxh6 Rc5+ 71. Kd2 Rcxa5 72. Rxa5 Rxa5 73.
Ke3 Ra4 74. Kf3 c5 75. Rh7+ Kd6 76. Rxb7 Kc6 77. Rc7+ Kxb6 78. Rc8 c4 79. f6 Ra1 80.
g5 Rf1+ 81. Kg4 Kb5 82. Kh5 Kb4 83. Kg6 c3 84. f7 Kb3 85. Kg7 c2 86. Rxc2 Kxc2 87.
f8=Q 1-0

[Event "*** Titled Tuesday Blitz"]
[Site "Chess.com"]
[Date "2018.12.04"]
[Round "1"]
[White "JSMastropiero"]
[Black "Haykos"]
[Result "1/2-1/2"]
[WhiteElo "2164"]
[BlackElo "2528"]
[TimeControl "180+2"]
[EndTime "13:12:10 PST"]
[Termination "Game drawn - insufficient material"]

1. Nf3 d5 2. g3 Nf6 3. Bg2 c6 4. c4 dxc4 5. Na3 Nbd7 6. Nxc4 Nb6 7. Nce5 Bf5 8. O-O e6 9. b3 Be7 10. Bb2 O-O 11. d3 Nfd7 12. e4 Bg6 13. Re1 Bf6 14.
d4 Nxe5 15. Nxe5 Qc7 16. f4 Rfd8 17. Rc1 a5 18. a4 Nd7 19. Nd3 Be7 20. Qc2 Qb6 21. Kh1 Nf6 22. Ne5 Bb4 23. Red1 Bh5 24. Rf1 Ng4 25. Nxg4 Bxg4 26. h3 Bh5 27. g4 e5 28.
gxh5 exd4 29. Rcd1 Bc3 30. Bxc3 Qc5 31. Rd3 dxc3 32. Qxc3 Qxh5 33. Rfd1 Rxd3 34. Qxd3 h6 35. e5 Rf8 36. Qf3 Qf5 37. Qe4 Qe6 38. Rd3 Re8 39. Kh2 f6 40. Rd6 Qe7 41. Qc4+ Kh8 42. Qd4 fxe5 43. fxe5 Qxe5+ 44. Qxe5 Rxe5 45. Rd7 b5 46. Bxc6 bxa4 47. Bxa4 Kg8 48. Ra7 Kf8 49. Kg3 g5 50.
Rb7 h5 51. Rb5 Re3+ 52. Kg2 g4 53. hxg4 hxg4 54. Rxa5 Ke7 55. Rg5 Rc3 56. Rb5 Kd6 57. Rb4 g3 58. Rg4 Kc5 59. Rxg3 Rc2+ 60. Kh3 Kb4 61.
Rg4+ Ka3 62. Kg3 Rc3+ 63. Kf4 Rc8 64. Rg5 Kb4 65. Ke4 Rd8 66. Rd5 Rh8 67. Rd4+ Ka3 68. Kd3 Rc8 69. Rc4 Rh8 70. Kc3 Rh3+ 71. Kd4 Rh4+ 72.
Kc5 Rh5+ 73. Kb6 Rg5 74. Rc5 Rg6+ 75. Kb5 Rg4 76. Ka5 Rf4 77. Rb5 Re4 78. b4 Re8 79.
Bd1 Rd8 80. Bf3 Rf8 81. Bd5 Rf4 82. Rb6 Rf5 83. Rb5 Rf4 84. Bc6 Rf6 85. Kb6 Rf1 86.
Bd5 Rc1 87. Kb7 Rb1 88. Kb6 Rxb4 89. Rxb4 Kxb4 1/2-1/2

[Event "*** Titled Tuesday Blitz"]
[Site "Chess.com"]
[Date "2018.12.04"]
[Round "1"]
[White "pedroholly22"]
[Black "Chessialist"]
[Result "0-1"]
[WhiteElo "2182"]
[BlackElo "2554"]
[TimeControl "180+2"]
[EndTime "13:13:52 PST"]
[Termination "Chessialist won by checkmate"]

1. e4 c5 2. Nf3 Nc6 3. d4 cxd4 4.
Nxd4 Qb6 5. Nb3 Nf6 6. Nc3 e6 7. Bd3 a6 8. O-O Qc7 9. Kh1 Be7 10. f4 d6 11. Qf3 O-O 12. Be3 Nb4 13. Rae1 Nxd3 14.
cxd3 b5 15. a3 Bb7 16. Qh3 Rac8 17. f5 Qd7 18. fxe6 fxe6 19. Nd4 e5 20. Rxf6 Qxh3 21. Rxf8+ Rxf8 22. gxh3 exd4 23. Bxd4 Rf3 24. Re3 Rf7 25. Kg2 Bc8 26. Nd5 Bg5 27. Rg3 Bh4 28. Rf3 Rxf3 29. Kxf3 Bxh3 30. Bb6 Kf7 31. d4 g5 32. Nc7 Bc8 33.
b3 h5 34. a4 g4+ 35. Kg2 bxa4 36. bxa4 Be1 37. e5 dxe5 38. dxe5 h4 39. e6+ Bxe6 40. Nxa6 Bd5+ 41. Kf1 g3 42. hxg3 h3 43. Bg1 Bxg3 44. Ke2 Bc4+ 45. Kf3 Bd6 46. Kg4 h2 47. Bxh2 Bxh2 48.
Nb4 Bd6 49. Nc2 Bb3 50. Nd4 Bxa4 51. Kf3 Kf6 52. Ke4 Be8 53. Kd5 Be5 54. Ke4 Bg6+ 55. Kd5 Bf7+ 56. Ke4 Bc4 57. Nf3 Bc3 58. Nd4 Ke7 59.
Nf3 Kd6 60. Nd4 Kc5 61. Nf3 Bd5+ 62. Ke3 Bf6 63. Nd2 Bg5+ 64. Kd3 Bf4 65. Ne4+ Kb4 66. Kd4 Bc4 67. Nc3 Bh6 68. Nd5+ Kb3 69. Ne7 Bg7+ 70. Kc5 Bf8 71. Kd6 Kb4 72. Kd7 Kc5 73. Ke8 Bg7 74.
Kd7 Bf6 75. Nf5 Be5 76. Ne7 Bf7 77. Nf5 Bf4 78. Ke7 Bd5 79. Kf6 Be4 80. Ne7 Kd4 81.
Ke6 Ke3 82. Nf5+ Kf2 83. Ne7 Kg3 84. Nf5+ Kg4 85. Ne7 Kg5 86. Nd5 Bg3 87. Ne7 Bb1 88. Nc6 Ba2+ 89. Kd7 Kf6 90. Nd4 Bd5 91. Nc6 Be6+ 92.
Kd8 Bd6 93. Nd4 Bg4 94. Nc6 Ke6 95. Nd4+ Kd5 96. Nb5 Be5 97. Ke7 Kc5 98. Na3 Bf5 99. Kf7 Kb4 100. Ke7 Kxa3 101. Kf7 Kb4 102. Ke7 Kc5 103. Kf7 Kd6 104. Kf8 Ke6 105. Ke8 Bf6 106. Kf8 Bg6 107. Kg8 Kf5 108. Kf8 Kg5 109. Kg8 Be7 110. Kh8 Kh6 111. Kg8 Bh5 112. Kh8 Kg6 113. Kg8 Bg4 114. Kh8 Bf5 115.
Kg8 Be6+ 116. Kh8 Bf6# 0-1

[Event "*** Titled Tuesday Blitz"]
[Site "Chess.com"]
[Date "2018.12.04"]
[Round "2"]
[White "dereito"]
[Black "Anar_Aliakbarov"]
[Result "0-1"]
[WhiteElo "2323"]
[BlackElo "2573"]
[TimeControl "180+2"]
[EndTime "13:17:12 PST"]
[Termination "Anar_Aliakbarov won by resignation"]

1. d4 d5 2. Bf4 Nf6 3. e3 c5 4. c3 Nc6 5. Nd2 cxd4 6. exd4 Bf5 7. Qb3 Qc8 8. Ngf3 e6 9. h3 h6 10. Be2 Be7 11. Nh4 Bh7 12. O-O g5 13. Be5 gxh4 14. f4 Rg8 15. Kh2 Ne4 16. Nxe4 Bxe4 17. Bf3 Bxf3 18. Rxf3 f6 19. f5 fxe5 20. f6 Bxf6 21. Rxf6 Qd7 22. Re1 O-O-O 23. dxe5 Qg7 24. Qc2 Qg3+ 25.
Kg1 Qxe1+ 0-1

[Event "*** Titled Tuesday Blitz"]
[Site "Chess.com"]
[Date "2018.12.04"]
[Round "2"]
[White "c63_amg"]
[Black "Firouzja2003"]
[Result "0-1"]
[WhiteElo "2613"]
[BlackElo "3009"]
[TimeControl "180+2"]
[EndTime "13:17:28 PST"]
[Termination "Firouzja2003 won by resignation"]

1. e4 c5 2. Nf3 d6 3. d4 cxd4 4. Qxd4 Nc6 5. Bb5 Bd7 6. Bxc6 Bxc6 7. Nc3 Nf6 8. Bg5 e6 9. O-O-O Be7 10. Rhe1 h6 11. Bh4 Qc7 12. Kb1 O-O 13. Qd2 b5 14. Bxf6 Bxf6 15. Qxd6 Qb7 16. Ne5 Rac8 17. Nxc6 Rxc6 18.
Qd7 Rc7 19. Qxb5 Bxc3 20. Qxb7 Rxb7 0-1

[Event "*** Titled Tuesday Blitz"]
[Site "Chess.com"]
[Date "2018.12.04"]
[Round "2"]
[White "Koksik_13"]
[Black "ChessQueen"]
[Result "1-0"]
[WhiteElo "2745"]
[BlackElo "2569"]
[TimeControl "180+2"]
[EndTime "13:17:33 PST"]
[Termination "Koksik_13 won by resignation"]

1. e4 e5 2. Nf3 Nc6 3. Nc3 Nf6 4. d4 exd4 5. Nxd4 Bb4 6. Nxc6 bxc6 7. Bd3 O-O 8. O-O d5 9. exd5 cxd5 10. h3 Rb8 11.
Bg5 Bxc3 12. bxc3 h6 13. Bh4 Rb6 14. Qf3 Bb7 15. Rad1 d4 16. Bxf6 Rxf6 17. Qxb7 1-0

[Event "*** Titled Tuesday Blitz"]
[Site "Chess.com"]
[Date "2018.12.04"]
[Round "2"]
[White "Bigfish1995"]
[Black "DenisQ"]
[Result "1-0"]
[WhiteElo "3017"]
[BlackElo "2603"]
[TimeControl "180+2"]
[EndTime "13:17:35 PST"]
[Termination "Bigfish1995 won by resignation"]

1. d4 d5 2. Bf4 c6 3. e3 Nf6 4. Nf3 Bg4 5. Nbd2 e6 6. h3 Bxf3 7. Nxf3 Bd6 8. Bd3 Bxf4 9. exf4 O-O 10. O-O Qb6 11. Rb1 c5 12. dxc5 Qxc5 13. f5 exf5 14. Bxf5 Nc6 15. Qd2 Rad8 16. Rfe1 g6 17. Bd3 Ne4 18.
Qh6 Qxf2+ 19. Kh1 Nf6 20. Rf1 1-0

[Event "*** Titled Tuesday Blitz"]
[Site "Chess.com"]
[Date "2018.12.04"]
[Round "2"]
[White "AndrewDGreen"]
[Black "Makalexa"]
[Result "1-0"]
[WhiteElo "2250"]
[BlackElo "2129"]
[TimeControl "180+2"]
[EndTime "13:17:37 PST"]
[Termination "AndrewDGreen won by resignation"]

1. d4 Nf6 2. Nf3 g6 3. Nc3 Bg7 4. e4 d6 5. Be3 O-O 6. Qd2 a6 7. Bh6 b5 8. Bxg7 Kxg7 9. Bd3 b4 10. Ne2 a5 11. Ng3 Ba6 12. e5 Nd5 13. Be4 c6 14. Nf5+ gxf5 15. Qg5+ Kh8 16. Qxf5 1-0

[Event "*** Titled Tuesday Blitz"]
[Site "Chess.com"]
[Date "2018.12.04"]
[Round "2"]
[White "HanSchut"]
[Black "sergeikim"]
[Result "1-0"]
[WhiteElo "2313"]
[BlackElo "2424"]
[TimeControl "180+2"]
[EndTime "13:17:46 PST"]
[Termination "HanSchut won by checkmate"]

1. e4 e5 2. Nf3 Nc6 3. Bc4 Bc5 4. b4 Bxb4 5. c3 Ba5 6. d4 d6 7. Qb3 Qd7 8. O-O Bb6 9. Nbd2 Na5 10. Qc2 Nxc4 11.
Nxc4 exd4 12. cxd4 Ne7 13. a4 c6 14. Ba3 Bc7 15.
e5 d5 16. Nd6+ Bxd6 17. exd6 Ng6 18. Rfe1+ Kf8 19. h4 h5 20. Re5 f6 21. Qxg6 fxe5 22. Nxe5 Qg4 23. Qf7# 1-0

[Event "*** Titled Tuesday Blitz"]
[Site "Chess.com"]
[Date "2018.12.04"]
[Round "2"]
[White "orrbaverlekszarnyon"]
[Black "pedroholly22"]
[Result "0-1"]
[WhiteElo "2232"]
[BlackElo "2202"]
[TimeControl "180+2"]
[EndTime "13:18:05 PST"]
[Termination "pedroholly22 won by resignation"]

1. e4 c5 2. Nf3 d6 3. d4 cxd4 4. Nxd4 Nf6 5. Nc3 g6 6. Be2 Bg7 7. O-O O-O 8. Be3 Nc6 9. Kh1 Nxd4 10. Bxd4 Be6 11. f4 Rc8 12. e5 dxe5 13. Bxe5 Qxd1 14.
Raxd1 Ng4 15. Bxg7 Kxg7 16. Rf3 Nf6 17. Rfd3 a6 18. Bf3 b5 19. Bb7 Rc7 20. Bxa6 b4 21. Nb5 Rxc2 22. Nd4 Rxb2 23. Nxe6+ fxe6 24. Bc4 Ng4 25. Bxe6 Nf2+ 26. Kg1 Nxd1 27. Rxd1 Rxf4 28. Rd7 Rb1+ 0-1

[Event "*** Titled Tuesday Blitz"]
[Site "Chess.com"]
[Date "2018.12.04"]
[Round "2"]
[White "2Tilted"]
[Black "matiss90"]
[Result "0-1"]
[WhiteElo "2276"]
[BlackElo "2424"]
[TimeControl "180+2"]
[EndTime "13:18:19 PST"]
[Termination "matiss90 won by checkmate"]

1. d4 Nf6 2. c4 g6 3. Nc3 Bg7 4.
e4 O-O 5. Be2 d6 6. Nf3 Na6 7.
O-O e5 8. Be3 Ng4 9. Bg5 Qe8 10.
Nd5 h6 11. Be7 c6 12. Bxf8 Kxf8 13. Nc3 h5 14. dxe5 dxe5 15. Qd6+ Kg8 16. h3 Nh6 17. c5 Be6 18. Bxa6 Rd8 19. Qxd8 Qxd8 20. Bxb7 Qd7 21. Ba6 Bxh3 22. gxh3 Qxh3 23. Be2 Ng4 24. Rfd1 Bh6 25. Rd3 Bf4 26. Nd1 Bh2+ 27. Kh1 Bg3+ 28. Kg1 Bxf2+ 29. Nxf2 Qg3+ 30. Kh1 Nxf2# 0-1

[Event "*** Titled Tuesday Blitz"]
[Site "Chess.com"]
[Date "2018.12.04"]
[Round "2"]
[White "LastGladiator1"]
[Black "JonahWillow"]
[Result "1-0"]
[WhiteElo "2677"]
[BlackElo "2674"]
[TimeControl "180+2"]
[EndTime "13:18:31 PST"]
[Termination "LastGladiator1 won by resignation"]

1. d4 Nf6 2. c4 c5 3. d5 e6 4. Nc3 exd5 5. cxd5 d6 6. e4 g6 7. f4 Bg7 8. Nf3 O-O 9. Be2 Re8 10.
e5 Ng4 11. h3 Nh6 12. O-O Nf5 13. Ne4 dxe5 14. fxe5 Nd4 15. Nxd4 cxd4 16. e6 f5 17. Ng5 Qxd5 18. Qa4 Bd7 19. exd7 Rxe2 20. d8=Q+ Qxd8 21. Qc4+ 1-0

[Event "*** Titled Tuesday Blitz"]
[Site "Chess.com"]
[Date "2018.12.04"]
[Round "2"]
[White "tteshan"]
[Black "saraswathii"]
[Result "0-1"]
[WhiteElo "2109"]
[BlackElo "2252"]
[TimeControl "180+2"]
[EndTime "13:18:56 PST"]
[Termination "saraswathii won by resignation"]

1. d4 Nc6 2. c4 e5 3. d5 Nce7 4.
Nc3 Ng6 5. e4 Nf6 6. Nf3 Bc5 7.
Bd3 d6 8. O-O Nh5 9. Bg5 f6 10.
Bd2 Nhf4 11. Bc2 O-O 12. a3 a6 13. b4 Ba7 14. Ne2 Nh5 15. Ng3 Nhf4 16. a4 Bg4 17. h3 Bxf3 18. Qxf3 Nh4 19. Qg4 Nhxg2 20. Nf5 g6 21. Bd1 Kh8 22. Nh6 f5 23. exf5 gxf5 24. Nxf5 Rg8 0-1